 Dungeon Crawl Stone Soup version 0.25-b1-23-ge2ad7d536c (webtiles) character file.

Game seed: 3985277531359199333, levelgen mode: deterministic

135 Esekla the Magician (level 5, -3/33 HPs)
             Began as an Octopode Wizard on June 2, 2020.
             Slain by an iguana (5 damage)
             ... on level 5 of the Dungeon.
             The game lasted 00:16:08 (3438 turns).

Esekla the Magician (Octopode Wizard)               Turns: 3438, Time: 00:16:08

Health: -3/33      AC:  1    Str:  7    XL:     5   Next: 18%
Magic:  6/11       EV: 13    Int: 27    God:
Gold:   107        SH:  0    Dex: 10    Spells: 3/12 levels left

rFire    . . .     SeeInvis .   e - +3 short sword
rCold    . . .     Gourm    .   (no shield)
rNeg     . . .     Faith    .   a - +0 hat
rPois    .         Spirit   .   (no amulet)
rElec    .         Reflect  .   k - +6 ring of intelligence
rCorr    .         Harm     .   (no ring)
MR       .....                  (no ring)
Stlth    +++.......             (no ring)
HPRegen  0.11/turn              (no ring)
MPRegen  0.12/turn              (no ring)
                                (no ring)
                                (no ring)

@: very slightly contaminated
A: almost no armour, stealthy swim, amphibious, 8 rings, constrict 8, camouflage
1, gelatinous body 1
a: no special abilities


You were on level 5 of the Dungeon.
You were not hungry.

You visited 1 branch of the dungeon, and saw 5 of its levels.

You collected 107 gold pieces.

Inventory:

Hand Weapons
 e - a +3 short sword (weapon)
 l - a +2 short sword of holy wrath
Missiles
 h - 50 poisoned darts (quivered)
Armour
 a - a +0 hat (worn)
Jewellery
 k - a +6 ring of intelligence (left tentacle)
Scrolls
 d - a scroll of fear {unknown}
 f - 4 scrolls of identify {unknown}
 i - a scroll of random uselessness {unknown}
 o - 3 scrolls of teleportation {unknown}
 q - a scroll of holy word {unknown}
Potions
 b - a potion of curing
 g - a potion of ambrosia {unknown}
 j - a potion of resistance {unknown}
 m - a potion of flight {unknown}
 n - a potion of haste {unknown}
 p - a potion of heal wounds {unknown}
Comestibles
 c - 5 rations


   Skills:
 + Level 1.4 Fighting
 + Level 0.8 Short Blades
 + Level 2.3 Dodging
 - Level 2.6 Stealth
 * Level 4.4 Spellcasting
 + Level 1.3 Conjurations
   Level 1.0 Summonings
 * Level 1.5 Translocations
 * Level 0.4 Air Magic
 * Level 0.7 Poison Magic


You had 3 spell levels left.
You knew the following spells:

 Your Spells              Type           Power        Failure   Level  Hunger
a - Magic Dart            Conj           ##..         4%          1    None
b - Blink                 Tloc           N/A          6%          2    None
c - Mephitic Cloud        Conj/Pois/Air  ##......     16%         3    ##.....
f - Conjure Flame         Conj/Fire      #.......     17%         3    ##.....

Your spell library contained the following spells:

 Spells                   Type           Power        Failure   Level  Hunger
 Call Imp                 Summ           ##......     8%          2    None
 Slow                     Hex            #.......     12%         2    None


Dungeon Overview and Level Annotations

Branches:
Dungeon (5/15)
 Temple: D:4-7

Altars:
Ashenzari
Cheibriados
Ru
Xom

Annotations:
D:4 Sigmund


Innate Abilities, Weirdness & Mutations

You cannot wear most types of armour.
You are very stealthy in the water. (Stealth+)
You are amphibious.
You can wear up to eight rings at the same time.
You can use your tentacles to constrict eight enemies at once.
Your skin changes colour to match your surroundings (Stealth+).
Your rubbery body absorbs attacks. (AC +1, EV +1)


Message History

The iguana bites you. The iguana barely misses you.
Casting: Magic Dart (safe; 4% risk of failure)
Confirm with . or Enter, or press ? or * to list all spells.
Aiming: Magic Dart (safe; 4% risk of failure)
Press: ? - help, Shift-Dir - straight line, f/p - iguana
Aim: an iguana (almost dead, constricted by you)
The magic dart hits the iguana but does no damage.
The iguana is almost dead.
You constrict the iguana, but do no damage.
The iguana bites you!
* * * LOW HITPOINT WARNING * * *
Casting: Magic Dart (safe; 4% risk of failure)
Confirm with . or Enter, or press ? or * to list all spells.
Aiming: Magic Dart (safe; 4% risk of failure)
Press: ? - help, Shift-Dir - straight line, f/p - iguana
Aim: an iguana (almost dead, constricted by you)
The magic dart hits the iguana but does no damage.
The iguana is almost dead.
You constrict the iguana. The iguana bites you.
You die...

#.############
#............#
##############.#
........># #<#
.#######(########## #
###..............
..##8###8####'##########
..................#
⌠.....l@..........#
..................#
..##8###8##.......# #
####.......# #.......#
#.......# ........#
.........# ...##+#####


You could see an iguana.

Vanquished Creatures
  A crimson imp (D:5)
  4 adders
  An ooze (D:3)
  A worm (D:3)
  A dart slug (D:1)
  2 leopard geckos (D:2)
  10 orcs
  A giant cockroach (D:1)
  4 goblins
  6 hobgoblins
  A quokka (D:3)
  5 bats
  4 frilled lizards (D:1)
  5 kobolds
  2 rats (D:1)
48 creatures vanquished.

Notes
Turn   | Place    | Note
-------+----------+-------------------------------------------
     0 | D:1      | Esekla the Octopode Wizard began the quest for the Orb.
     0 | D:1      | Reached XP level 1. HP: 11/11 MP: 4/4
   388 | D:1      | Reached XP level 2. HP: 15/18 MP: 6/6
   958 | D:1      | Learned a level 2 spell: Blink
  1265 | D:2      | Found a shattered altar of Ashenzari.
  1282 | D:2      | Reached skill level 1 in Fighting
  1282 | D:2      | Reached XP level 3. HP: 14/23 MP: 5/8
  1662 | D:2      | Reached skill level 4 in Spellcasting
  1677 | D:2      | Found a sacrificial altar of Ru.
  2263 | D:3      | Reached XP level 4. HP: 14/28 MP: 6/10
  2276 | D:3      | Found a snail-covered altar of Cheibriados.
  2742 | D:3      | Learned a level 3 spell: Mephitic Cloud
  2746 | D:3      | Learned a level 3 spell: Conjure Flame
  3151 | D:3      | Found a shimmering altar of Xom.
  3284 | D:4      | Noticed Sigmund
  3292 | D:5      | Entered Level 5 of the Dungeon
  3407 | D:5      | Reached XP level 5. HP: 33/33 MP: 11/11
  3438 | D:5      | Slain by an iguana

Illustrated notes

Levels and vault maps discovered:
D:1:      moated_graveyard_arrival, layout_basic
D:2:      layout_basic, lemuel_crystal_altar, nicolae_ru_awakened_eye,
          first_ration, corexii_shack
D:3:      minmay_chambers_of_twos, layout_rooms, nicolae_overflow_hidden_temple,
          lemuel_crystal_altar, hex_medium
D:4:      layout_basic, hangedman_minor_gate_pass, uniq_sigmund, uniq_edmund
D:5:      layout_basic, serial_corexii_hall, chequers_hall_statues_y,
          corexii_hall_statues_x, corexii_hall_statues_x,
          chequers_hall_statues_wall_a, uniq_blork_the_orc

Skill      XL: |  1  2  3 |
---------------+----------+-----
Fighting       | 1 |  1.4
Spellcasting   | 4 |  4.4
Short Blades   | |  0.8
Dodging        | |  2.3
Stealth        | |  2.6
Conjurations   | |  1.3
Summonings     | |  1.0
Translocations | |  1.5
Air Magic      | |  0.4
Poison Magic   | |  0.7

Action                   |  1- 3 |  4- 6 || total
-------------------------+-------+-------++-------
Melee: Dagger            |    52 |       ||    52
       Constrict         |    15 |     8 ||    23
       Tentacles         |     8 |     5 ||    13
       Short sword       |     5 |    38 ||    43
Throw: Dart              |     5 |       ||     5
 Cast: Magic Dart        |    35 |    26 ||    61
       Blink             |     1 |       ||     1
  Use: Potion            |     1 |       ||     1
 Stab: Sleeping          |     9 |     2 ||    11
  Eat: Chunk             |     2 |     3 ||     5
       Ration            |       |     1 ||     1
Armor: Skin              |    12 |     2 ||    14
Dodge: Dodged            |    70 |    28 ||    98
